 Dungeon Crawl Stone Soup version 0.31-a0-188-g5e087ee2ca (webtiles) character file.

Game seed: 10577487469215407033

26 qw the Shooter (level 2, -2/16 HPs)
             Began as a Deep Elf Hunter on June 23, 2023.
             Slain by a worm (10 damage)
             ... on level 2 of the Dungeon.
             The game lasted 00:00:14 (521 turns).

qw the Shooter (Deep Elf Hunter)                     Turns: 521, Time: 00:00:15

Health: -2/16      AC:  5    Str:  8    XL:     2   Next: 89%
Magic:  4/4        EV: 12    Int: 13    God:
Gold:   48         SH:  0    Dex: 18    Spells: 1/1 levels left

rFire   . . .        Y - +0 shortbow
rCold   . . .        (shield currently unavailable)
rNeg    . . .        c - +0 leather armour
rPois   .            (no helmet)
rElec   .            (no cloak)
rCorr   .            d - +0 pair of gloves
SInv    .            f - +0 pair of boots
Will    .....        (no amulet)
Stlth   ++           (no ring)
HPRegen 0.22/turn    (no ring)
MPRegen 0.09/turn

%: no passive effects
@: no status effects
A: no striking features
a: no special abilities


You were on level 2 of the Dungeon.
You visited 1 branch of the dungeon, and saw 2 of its levels.

You collected 48 gold pieces.


   Skills:
 - Level 1.5 Fighting
 + Level 6.6 Ranged Weapons
 - Level 2.4 Dodging
 - Level 1.2 Stealth


You had one spell level left.
You didn't know any spells.
Your spell library was empty.

Inventory:

Hand Weapons
 Y - a +0 shortbow (weapon)
Armour
 c - a +0 leather armour (worn)
 d - a +0 pair of gloves (worn)
 f - a +0 pair of boots (worn)
Potions
 e - a potion of curing
 h - a potion of haste {unknown}
 i - 2 potions of brilliance {unknown}

Dungeon Overview and Level Annotations

Branches:
Dungeon (2/15)

Altars:


Message History

There is a stone staircase leading down here.
You climb downwards.
Found 14 gold pieces.
There is a stone staircase leading up here.
Waypoint 1 assigned to D:2.
A worm comes into view.
You shoot an arrow. The arrow hits the worm!
The worm is heavily wounded.
You shoot an arrow. The arrow hits the worm!
You kill the worm!
You now have 48 gold pieces (gained 14).
i - 2 sapphire potions (gained 1)
A goblin comes into view. It is wielding a +0 dagger.
You shoot an arrow. The arrow closely misses the goblin.
The goblin shouts!
You shoot an arrow. The arrow completely misses the goblin.
You shoot an arrow. The arrow hits the goblin.
The goblin is heavily wounded.
The goblin hits you with a +0 dagger.
You shoot an arrow. The arrow hits the goblin.
You kill the goblin!
You start resting.
HP restored.
Things that are here:
a +0 dagger; a goblin corpse A worm comes into view.
You shoot an arrow. The arrow hits the worm!
The worm is heavily wounded.
You shoot an arrow. The arrow hits the worm.
The worm is almost dead.
You shoot an arrow. The arrow barely misses the worm.
You shoot an arrow. The arrow barely misses the worm.
The worm bites you!
Ouch! That really hurt!
You shoot an arrow. The arrow hits the worm.
The worm is almost dead.
You shoot an arrow. The arrow completely misses the worm.
The worm bites you!
Ouch! That really hurt!
You die...

########## #........#
#.######.#
#........####
#..##.......########...
#..##.#..##....@w......
#........########......
##.##.#.## .....
#......# .##.
####)######### #
#.#.......#
##.#.......#
#..........# #+##
#.%........# #...##


You could see a worm.

Vanquished Creatures
  A worm (D:2)
  2 dart slugs (D:1)
  A ball python (D:1)
  5 goblins
  3 jackals (D:1)
  A quokka (D:1)
  2 bats (D:1)
  2 rats (D:1)
17 creatures vanquished.

Notes
Turn   | Place    | Note
-------+----------+-------------------------------------------
     0 | D:1      | qw the Deep Elf Hunter began the quest for the Orb.
     0 | D:1      | Reached XP level 1. HP: 12/12 MP: 3/3
     0 | D:1      | 0 ||| qw: Version: 0.3-a-9-g12657ce
     0 | D:1      | 0 ||| qw: Game counter: 4396
     0 | D:1      | 0 ||| qw: Always use a shield: true
     0 | D:1      | 0 ||| qw: God list: Okawaru
     0 | D:1      | 0 ||| qw: Allow faded altars: false
     0 | D:1      | 0 ||| qw: Do Orc after D:15 true
     0 | D:1      | 0 ||| qw: Do second Lair branch before Depths: true
     0 | D:1      | 0 ||| qw: Lair rune preference: random
     0 | D:1      | 0 ||| qw: Plans: Normal
     0 | D:1      | 0 ||| PLANNING D:1-11
   157 | D:1      | Reached XP level 2. HP: 10/16 MP: 4/4
   199 | D:1      | Reached skill level 6 in Ranged Weapons
   343 | D:1      | 343 ||| FLEEEEING.
   344 | D:1      | 344 ||| FLEEEEING.
   345 | D:1      | 345 ||| FLEEEEING.
   427 | D:1      | 427 ||| UPGRADING to +0 pair of gloves.
   432 | D:1      | 432 ||| UPGRADING to +0 pair of boots.
   437 | D:1      | 437 ||| READING scroll labelled WOS SED FILEEL.
   438 | D:1      | 438 ||| DRINKING 2 red potions.
   439 | D:1      | 439 ||| DROPPING scroll of butterflies.
   521 | D:2      | Slain by a worm

Levels and vault maps discovered:
D:1:      amcnicky_arrival_flooded_fountain, layout_rooms,
          minmay_misc_feat_tower
D:2:      minmay_skewed_foursquare, layout_loops_corners, uniq_terence

Skill      XL: |  1  2 |
---------------+-------+-----
Ranged Weapons | 6 |  6.6
Fighting       | |  1.5
Dodging        | |  2.4
Stealth        | |  1.2

Action                     || total
---------------------------++-------
   Fire: Shortbow          ||    53
    Use: Scroll            ||     1
         Potion            ||     1
 Armour: Leather armour    ||     4
  Dodge: Dodged            ||    10

Table legend:
 A = Non-vault XP
 B = Vault XP
 C = Vault XP percentage of total XP
 D = Non-vault monster count
 E = Vault monster count
 F = Vault count percentage of total count
                 A         B        C        D         E       F
            +---------+---------+-------+---------+---------+-------
      Total |      38 |       0 |   0.0 |      17 |       0 |   0.0
            +---------+---------+-------+---------+---------+-------
        D:1 |      31 |       0 |   0.0 |      15 |       0 |   0.0
        D:2 |       7 |       0 |   0.0 |       2 |       0 |   0.0
            +---------+---------+-------+---------+---------+-------
